 Dungeon Crawl Stone Soup version 0.31-a0-216-g22e908daa7 (webtiles) character file.

Game seed: 6749190179238106469

212 qw the Chopper (level 5, -4/33 HPs)
             Began as a Gargoyle Fighter on July 2, 2023.
             Blown up by Ijyb (18 damage)
             ... with a mindburst bolt
             ... on level 3 of the Dungeon.
             The game lasted 00:00:47 (1624 turns).

qw the Chopper (Gargoyle Fighter)                   Turns: 1624, Time: 00:00:48

Health: -4/33      AC: 19    Str: 22    XL:     5   Next: 90%
Magic:  5/5        EV:  9    Int:  8    God:
Gold:   74         SH:  4    Dex:  7    Spells: 4/4 levels left

rFire   . . .        Y - +0 war axe (protect)
rCold   . . .        c - +0 buckler
rNeg    + . .        b - +0 scale mail
rPois   inf          (no helmet)
rElec   +            (no cloak)
rCorr   +            i - +0 pair of gloves
SInv    .            (no boots)
Will    .....        (no amulet) Stlth
                     k - ring of resist corrosion
HPRegen 0.25/turn    (no ring)
MPRegen 0.09/turn

%: no passive effects
@: under a protective aura
A: sickness immunity, AC +4, negative energy resistance 1, electricity
resistance, torment resistance 1, petrification resistance, clumsy 1, mutation
resistance 1
a: no special abilities


You were on level 3 of the Dungeon.
You visited 1 branch of the dungeon, and saw 3 of its levels.

You collected 74 gold pieces.


Innate Abilities, Weirdness & Mutations

You are immune to sickness and miasma.
Your stone body is resilient. (AC +4)
You are immune to poison.
You resist negative energy. (rN+)
You are resistant to electric shocks. (rElec)
You are resistant to unholy torment.
You are immune to petrification.
You are clumsy. (Dex -2)
You are somewhat resistant to further mutation.


   Skills:
 - Level 4.0 Fighting
 + Level 5.0 Axes
 - Level 3.2 Armour
 - Level 3.2 Shields


You had 4 spell levels left.
You didn't know any spells.
Your spell library was empty.

Inventory:

Hand Weapons
 g - a +0 whip
 Y - a +0 war axe of protection (weapon)
Missiles
 e - 4 boomerangs (quivered)
Armour
 b - a +0 scale mail (worn)
 c - a +0 buckler (worn)
 i - a +0 pair of gloves (worn)
Jewellery
 k - a ring of resist corrosion (left hand)
Potions
 a - a potion of invisibility {unknown}
 d - 2 potions of might
 f - a potion of curing {unknown}
 h - 2 potions of mutation
 j - a potion of degeneration {unknown}
 l - 2 potions of attraction {unknown}
 m - 2 potions of heal wounds

Dungeon Overview and Level Annotations

Branches:
Dungeon (3/15)

Altars:

Annotations:
D:3 Ijyb


Message History

You hit Ijyb.
Ijyb is heavily wounded.
Ijyb closely misses you.
You hit Ijyb.
Ijyb is severely wounded.
Ijyb screams, "I cut your head off!" You block Ijyb's attack.
You closely miss Ijyb.
Ijyb is severely wounded.
Ijyb hits you but does no damage. x2
You closely miss Ijyb.
Ijyb is severely wounded.
Ijyb barely misses you.
You closely miss Ijyb.
Ijyb is severely wounded.
Ijyb zaps a wand.
Your mind is blasted!
You barely miss Ijyb.
Ijyb is severely wounded.
Ijyb hits you but does no damage.
You hit Ijyb.
Your weapon exudes an aura of protection.
Ijyb is severely wounded.
Ijyb hits you but does no damage. Ijyb completely misses you.
You closely miss Ijyb.
Ijyb is severely wounded.
Ijyb zaps a wand.
Your mind is blasted!
You barely miss Ijyb.
Ijyb is severely wounded.
Ijyb hits you with a +0 club.
You barely miss Ijyb.
Ijyb is severely wounded.
Ijyb completely misses you. Ijyb screams, "I no like you!"
Ijyb hits you but does no damage.
You hit Ijyb.
Your weapon exudes an aura of protection.
Ijyb is severely wounded.
Ijyb zaps a wand.
Your mind is blasted!
Ouch! That really hurt!
You die...

...##..##.##..#
..............##
...............
............<. .....
............###......
..........$..##....#
...................####
......g@....###.......
.##.................####
.......................#
.....######.............
...#. #............. .#
# #....#.#.........
...##.#.#....)%%.. ##
#.#.######.### ..#..
#.##.


You could see Ijyb.

Vanquished Creatures
  An ice beast (D:3)
  A hound (D:3)
  Jessica (D:2)
  2 adders
  A worm (D:3)
  A dart slug (D:1)
  A ball python (D:1)
  7 bats
  2 endoplasms
  5 giant cockroaches
  5 hobgoblins
  4 kobolds
  A quokka (D:2)
  2 frilled lizards
  A goblin (D:2)
  7 rats
42 creatures vanquished.

Notes
Turn   | Place    | Note
-------+----------+-------------------------------------------
     0 | D:1      | qw the Gargoyle Fighter began the quest for the Orb.
     0 | D:1      | Reached XP level 1. HP: 14/14 MP: 1/1
     0 | D:1      | 0 ||| qw: Version: 0.3-a-40-ge99b1a8
     0 | D:1      | 0 ||| qw: Game counter: 7939
     0 | D:1      | 0 ||| qw: Melee chars always use a shield: true
     0 | D:1      | 0 ||| qw: God list: Okawaru
     0 | D:1      | 0 ||| qw: Allow faded altars: false
     0 | D:1      | 0 ||| qw: Do Orc after clearing Dungeon:15 true
     0 | D:1      | 0 ||| qw: Do second Lair branch before Depths: true
     0 | D:1      | 0 ||| qw: Lair rune preference: random
     0 | D:1      | 0 ||| qw: Goals: Normal, Zot:1-4, Slime:5, God:TSO, Crypt,
                  | Tomb, Abyss, Pan, Hells, Win
     0 | D:1      | 0 ||| PLANNING D:1-11
    54 | D:1      | Found a faded altar of an unknown god.
    88 | D:1      | Reached skill level 2 in Axes
   204 | D:1      | 204 ||| FLEEEEING.
   205 | D:1      | 205 ||| FLEEEEING.
   207 | D:1      | 207 ||| FLEEEEING.
   208 | D:1      | 208 ||| FLEEEEING.
   209 | D:1      | 209 ||| FLEEEEING.
   210 | D:1      | 210 ||| FLEEEEING.
   211 | D:1      | 211 ||| FLEEEEING.
   223 | D:1      | 223 ||| Stepping ~*~*~tactically~*~*~ (stealth).
   228 | D:1      | Reached XP level 2. HP: 19/19 MP: 2/2
   235 | D:1      | 235 ||| Stepping ~*~*~tactically~*~*~ (stealth).
   593 | D:1      | 593 ||| UPGRADING to +0 pair of gloves.
   598 | D:1      | 598 ||| UPGRADING to ring of resist corrosion.
   599 | D:1      | 599 ||| READING scroll labelled YDUDASEBIS.
   604 | D:1      | 604 ||| READING scroll labelled KULUXZYROR.
   605 | D:1      | 605 ||| DRINKING 3 sedimented blue potions.
   605 | D:1      | Gained mutation: You are clumsy. (Dex -2) [potion of
                  | mutation]
   605 | D:1      | Gained mutation: You are somewhat resistant to further
                  | mutation. [potion of mutation]
   606 | D:1      | 606 ||| DRINKING 2 sapphire potions.
   671 | D:2      | 671 ||| Stepping ~*~*~tactically~*~*~ (hiding).
   672 | D:2      | 672 ||| Stepping ~*~*~tactically~*~*~ (hiding).
   680 | D:2      | Reached skill level 3 in Axes
   705 | D:2      | Reached XP level 3. HP: 15/23 MP: 3/3
   936 | D:2      | 936 ||| Stepping ~*~*~tactically~*~*~ (hiding).
   940 | D:2      | 940 ||| Stepping ~*~*~tactically~*~*~ (hiding).
  1231 | D:2      | Noticed Jessica
  1233 | D:2      | Killed Jessica
  1234 | D:2      | Reached skill level 4 in Axes
  1234 | D:2      | Reached XP level 4. HP: 28/28 MP: 4/4
  1323 | D:2      | 1323 ||| READING scroll labelled HYNGAI VIHUMM.
  1324 | D:2      | 1324 ||| READING scroll labelled KINTEUWAXU.
  1325 | D:2      | 1325 ||| READING scroll labelled BECUBAEFUE.
  1353 | D:3      | 1353 ||| DROPPING +0 club.
  1364 | D:3      | Noticed an ice beast
  1372 | D:3      | Killed an ice beast
  1373 | D:3      | Reached skill level 5 in Axes
  1373 | D:3      | Reached XP level 5. HP: 17/32 MP: 5/5
  1608 | D:3      | Noticed Ijyb
  1624 | D:3      | Blown up by Ijyb

Levels and vault maps discovered:
D:1:      dpeg_arrival_oval, layout_rooms, serial_forest,
          infiniplex_forest_lined_3_way, infiniplex_forest_clump_tiny,
          infiniplex_forest_clump_small, infiniplex_forest_end_2,
          infiniplex_forest_straight_2, infiniplex_forest_lined_2,
          infiniplex_forest_end_double, shapermc_ecumenical_altar_rom_forum
D:2:      layout_loops_cross, uniq_jessica
D:3:      layout_rooms, serial_co_window_serial, co_window_paths_a,
          co_window_corner_a, co_window_paths_a, co_window_of_opportunity_a,
          co_window_corner_a, co_window_paths_c, co_window_corner_b,
          co_window_corner_cb, co_window_of_opportunity_c, co_window_4corner_b,
          co_window_paths_d, glass_columns_c, uniq_ijyb

Skill      XL: |  1  2  3  4  5 |
---------------+----------------+-----
Axes           | 2 3 4 5 |  5.0
Fighting       | 4 |  4.0
Armour         | |  3.2
Shields        | |  3.2

Action                     |  1- 3 |  4- 6 || total
---------------------------+-------+-------++-------
  Melee: War axe           |    68 |    45 ||   113
  Throw: Boomerang         |    40 |    17 ||    57
    Use: Scroll            |     2 |     3 ||     5
         Potion            |     2 |       ||     2
 Armour: Scale mail        |    35 |    21 ||    56
  Dodge: Dodged            |    36 |    23 ||    59
  Block: Buckler           |    15 |    14 ||    29

Table legend:
 A = Non-vault XP
 B = Vault XP
 C = Vault XP percentage of total XP
 D = Non-vault monster count
 E = Vault monster count
 F = Vault count percentage of total count
                 A         B        C        D         E       F
            +---------+---------+-------+---------+---------+-------
      Total |     267 |      37 |  12.2 |      41 |       1 |   2.4
            +---------+---------+-------+---------+---------+-------
        D:1 |      28 |       0 |   0.0 |      16 |       0 |   0.0
        D:2 |      38 |      37 |  49.3 |      16 |       1 |   5.9
        D:3 |     201 |       0 |   0.0 |       9 |       0 |   0.0
            +---------+---------+-------+---------+---------+-------
